 Dungeon Crawl Stone Soup version 0.31-a0-640-g39d97e502b (webtiles) character file.

Game seed: 7000237497155031595

3642 qw the Skirmisher (level 10, -5/64 HPs)
             Began as a Gargoyle Hunter on Aug 27, 2023.
             Was a Believer of Okawaru.
             Slain by a six-headed hydra (9 damage)
             ... on level 8 of the Dungeon.
             The game lasted 00:02:42 (6833 turns).

qw the Skirmisher (Gargoyle Hunter)                 Turns: 6833, Time: 00:02:42

Health: -5/64      AC: 19    Str: 14    XL:     10   Next: 12%
Magic:  12/13      EV: 23    Int: 14    God:    Okawaru [**....]
Gold:   38         SH:  0    Dex: 20    Spells: 9/9 levels left

rFire   . . .        Y - +0 orcbow
rCold   . . .        (shield currently unavailable)
rNeg    + . .        p - +1 leather armour {Will+}
rPois   inf          i - +2 helmet {Int+3}
rElec   +            e - +0 cloak
rCorr   .            (no gloves)
SInv    .            d - +1 pair of boots "Xebup" {Dex+3}
Will    ++...        h - amulet of regeneration
Stlth   +++          f - ring of willpower
HPRegen 1.10/turn    j - +5 ring of evasion
MPRegen 0.13/turn

%: no passive effects
@: about to teleport, heroic
A: sickness immunity, AC +7, negative energy resistance 1, electricity
resistance, torment resistance 1, petrification resistance
a: Renounce Religion, Heroism


You were on level 8 of the Dungeon.
You worshipped Okawaru.
Okawaru was pleased with you.
You visited 2 branches of the dungeon, and saw 10 of its levels.

You collected 455 gold pieces.
You spent 417 gold pieces at shops.


Innate Abilities, Weirdness & Mutations

You are immune to sickness and miasma.
Your stone body is resilient. (AC +7)
You are immune to poison.
You resist negative energy. (rN+)
You are resistant to electric shocks. (rElec)
You are resistant to unholy torment.
You are immune to petrification.


   Skills:
 - Level 8.0(13.0) Fighting
 + Level 11.0(16.0) Ranged Weapons
 - Level 3.3(8.3) Armour
 - Level 4.1(9.1) Dodging
 - Level 1.1(6.1) Stealth
 - Level 4.0 Invocations


You had 9 spell levels left.
You didn't know any spells.
Your spell library was empty.

Inventory:

Hand Weapons
 Y - a +0 orcbow (weapon)
Armour
 d - the +1 pair of boots "Xebup" (worn) {Dex+3}
   (You found it on level 2 of the Dungeon)

   Dex+3:     It affects your dexterity (+3).
 e - a +0 cloak (worn)
 i - a +2 helmet of intelligence (worn)
 l - a +0 leather armour of cold resistance
 p - a +1 leather armour of willpower (worn)
 q - a +1 robe of fire resistance
Jewellery
 f - a ring of willpower (left hand)
 h - an amulet of regeneration (around neck)
 j - a +5 ring of evasion (right hand)
Wands
 n - a wand of digging (4)
Scrolls
 c - a scroll of identify
 m - 3 scrolls of teleportation
Potions
 a - 5 potions of curing
 g - a potion of cancellation
 k - a potion of mutation
 o - 2 potions of heal wounds
 r - a potion of enlightenment {unknown}
 s - a potion of lignification {unknown}
 t - a potion of attraction {unknown}

Dungeon Overview and Level Annotations

Branches:
Dungeon (9/15)             Temple (1/1) D:5
   Lair: D:8-11         Orc: D:9-12

Altars:
Ashenzari
Cheibriados
Dithmenos
Elyvilon
Fedhas
Gozag
Hepliaklqana
Kikubaaqudgha
Makhleb
Nemelex Xobeh
Okawaru
Qazlal
Ru
Sif Muna
Trog
Vehumet
Wu Jian
Xom
Yredelemnul
Zin

Shops:
D:5 ?[[(   D:8 *

Annotations:
D:8 2 transporters


Message History

The six-headed hydra bites you!
The six-headed hydra bites you but does no damage.
You shoot an arrow.
The arrow barely misses the six-headed hydra.
The six-headed hydra misses you. x2
The six-headed hydra bites you but does no damage.
The six-headed hydra bites you!
The six-headed hydra bites you but does no damage. x2
You shoot an arrow. The arrow hits the six-headed hydra!
The six-headed hydra is heavily wounded.
You shoot an arrow. The arrow hits the six-headed hydra!
The six-headed hydra is severely wounded.
The six-headed hydra bites you but does no damage. x2
The six-headed hydra misses you.
The six-headed hydra completely misses you.
The six-headed hydra bites you but does no damage.
The six-headed hydra completely misses you.
You shoot an arrow.
The arrow barely misses the six-headed hydra.
The six-headed hydra bites you but does no damage.
The six-headed hydra completely misses you.
The six-headed hydra bites you. The six-headed hydra barely misses you.
The six-headed hydra bites you.
The six-headed hydra closely misses you.
You shoot an arrow. The arrow hits the six-headed hydra.
The six-headed hydra is severely wounded.
The six-headed hydra bites you.
The six-headed hydra completely misses you.
The six-headed hydra closely misses you.
The six-headed hydra bites you but does no damage.
The six-headed hydra bites you. The six-headed hydra misses you.
6833 ||| READING 4 scrolls of teleportation.
As you read the scroll of teleportation, it crumbles to dust.
You feel strangely unstable.
The six-headed hydra closely misses you.
The six-headed hydra bites you!
The six-headed hydra bites you but does no damage.
The six-headed hydra completely misses you.
The six-headed hydra bites you!
You die...

#..# ##...#.._..'.
##.## #....#.....#.
#..# ##....#.....#.
#..###...#.#######.
#...#...##..?......
##......#####.......
#......## ######..
#.(().## #..
##..@)..# ###
#./#D(### ####.##
###


You could see a six-headed hydra.

Vanquished Creatures
  Grinder (D:5)
  Sigmund (D:2)
  A wyvern (D:7)
  Eustachio (D:5)
  A steam dragon (D:7)
  A water moccasin (D:8)
  3 orc warriors
  2 black bears
  2 ice beasts
  A sky beast (D:8)
  3 centaurs (D:8)
  Blork the orc (D:5)
  2 kobold brigands
  A phantom (D:4)
  2 bullfrogs (D:6)
  A gnoll sergeant (D:6)
  A scorpion (D:6)
  6 killer bees (D:7)
  A crimson imp (D:4)
  A howler monkey (D:5)
  3 jellies
  6 hounds
  2 gnoll boudas
  6 orc wizards
  3 iguanas
  Robin (D:2)
  10 gnolls
  12 adders
  2 shadow imps
  3 white imps
  3 ufetubi
  2 dart slugs
  3 worms (D:2)
  21 orcs
  7 endoplasms
  3 giant cockroaches
  6 goblins
  2 hobgoblins (D:2)
  15 kobolds
  3 quokkas
  6 ball pythons
  5 bats
  3 frilled lizards
  8 rats
168 creatures vanquished.

Vanquished Creatures (others)
  2 orcs (D:7)
  A kobold (D:9)
3 creatures vanquished.

Grand Total: 171 creatures vanquished

Notes
Turn   | Place    | Note
-------+----------+-------------------------------------------
     0 | D:1      | qw the Gargoyle Hunter began the quest for the Orb.
     0 | D:1      | Reached XP level 1. HP: 12/12 MP: 1/1
     0 | D:1      | 0 ||| qw: Version: 0.3-a-74-g0d5e918
     0 | D:1      | 0 ||| qw: Game counter: 51
     0 | D:1      | 0 ||| qw: Melee chars always use a shield: true
     0 | D:1      | 0 ||| qw: God list: Okawaru
     0 | D:1      | 0 ||| qw: Allow faded altars: false
     0 | D:1      | 0 ||| qw: Do Orc after clearing Dungeon:15 true
     0 | D:1      | 0 ||| qw: Do second Lair branch before Depths: true
     0 | D:1      | 0 ||| qw: Lair rune preference: random
     0 | D:1      | 0 ||| qw: Goals: Normal
     0 | D:1      | 0 ||| PLANNING D:1-11
   158 | D:1      | Reached XP level 2. HP: 17/17 MP: 2/2
   527 | D:1      | 527 ||| UPGRADING to +0 cloak.
   532 | D:1      | 532 ||| UPGRADING to ring of willpower.
   533 | D:1      | 533 ||| READING scroll labelled FIOJUDICRI.
   534 | D:1      | 534 ||| READING scroll labelled VUOCZA ETWOSIR.
   539 | D:1      | 539 ||| READING scroll labelled QOENOXKAKAKK.
   540 | D:1      | 540 ||| READING scroll labelled QOMPU UMPIUKA.
   541 | D:1      | 541 ||| DROPPING scroll of butterflies.
   626 | D:2      | Reached XP level 3. HP: 21/21 MP: 3/3
   630 | D:2      | Reached skill level 5 in Ranged Weapons
   633 | D:2      | Noticed Sigmund
   648 | D:2      | Killed Sigmund
   649 | D:2      | Reached XP level 4. HP: 12/31 MP: 4/4
   649 | D:2      | Reached XP level 5. HP: 13/35 MP: 5/5
   771 | D:2      | Identified the +1 pair of boots "Xebup" {Dex+3}
   989 | D:2      | Noticed Robin
   990 | D:2      | Reached XP level 6. HP: 40/40 MP: 6/6
  1002 | D:2      | Killed Robin
  1669 | D:2      | 1669 ||| UPGRADING to +1 pair of boots "Xebup" {Dex+3}.
  1674 | D:2      | 1674 ||| UPGRADING to +1 helmet of intelligence.
  1679 | D:2      | 1679 ||| UPGRADING to +5 ring of evasion.
  1680 | D:2      | 1680 ||| READING scroll labelled HUESEN ITWIARGH.
  1681 | D:2      | 1681 ||| READING scroll labelled BUCAIXZ HIENT.
  1682 | D:2      | 1682 ||| READING scroll labelled FUPOMP YNNO.
  1811 | D:3      | Found a faded altar of an unknown god.
  2497 | D:3      | 2497 ||| UPGRADING to +0 ring mail.
  2507 | D:3      | 2507 ||| DROPPING +0 leather armour.
  2508 | D:3      | 2508 ||| DROPPING +2 pair of boots.
  2543 | D:4      | 2543 ||| STAIRDANCE
  2647 | D:4      | 2647 ||| STAIRDANCE
  2655 | D:3      | Reached skill level 1 in Armour
  2679 | D:4      | 2679 ||| STAIRDANCE
  2694 | D:4      | 2694 ||| STAIRDANCE
  2759 | D:4      | Reached skill level 6 in Ranged Weapons
  2824 | D:4      | Reached XP level 7. HP: 41/44 MP: 7/7
  3080 | D:4      | Reached skill level 7 in Ranged Weapons
  3313 | D:4      | 3313 ||| READING scroll labelled BOENI MAMIREU.
  3314 | D:4      | 3314 ||| DRINKING 3 amethyst potions.
  3315 | D:4      | 3315 ||| DRINKING 2 clear potions.
  3420 | D:4      | 3420 ||| DROPPING potion of berserk rage.
  3429 | D:5      | Entered Level 5 of the Dungeon
  3429 | D:5      | Found Hoxo's Armour Shoppe.
  3438 | D:5      | 3438 ||| BUYING +0 leather armour of cold resistance (117
                  | gold).
  3438 | D:5      | Bought a +0 leather armour of cold resistance for 117 gold
                  | pieces
  3438 | D:5      | 3438 ||| SHOPLISTING +1 pair of gloves of infusion (214
                  | gold, have 48).
  3438 | D:5      | 3438 ||| SHOPLISTING +2 ring mail of cold resistance (273
                  | gold, have 48).
  3636 | D:5      | Found Gesh's Antique Weapon Boutique.
  3637 | D:5      | Noticed Blork the orc
  3643 | D:5      | 3643 ||| Stepping ~*~*~tactically~*~*~ (retreating).
  3644 | D:5      | 3644 ||| RETREATING.
  3645 | D:5      | 3645 ||| Stepping ~*~*~tactically~*~*~ (retreating).
  3646 | D:5      | 3646 ||| Stepping ~*~*~tactically~*~*~ (retreating).
  3647 | D:5      | 3647 ||| Stepping ~*~*~tactically~*~*~ (retreating).
  3653 | D:5      | Reached skill level 8 in Ranged Weapons
  3653 | D:5      | Reached XP level 8. HP: 28/50 MP: 8/8
  3654 | D:5      | Killed Blork the orc
  3730 | D:5      | Noticed Eustachio
  3739 | D:5      | Killed Eustachio
  3822 | D:5      | Reached skill level 9 in Ranged Weapons
  3849 | D:5      | Found Deeqozo's Armour Emporium.
  3852 | D:5      | 3852 ||| SHOPLISTING +2 robe of fire resistance (194 gold,
                  | have 80).
  3911 | D:5      | Found a staircase to the Ecumenical Temple.
  3912 | D:5      | 3912 ||| PLANNING TEMPLE
  3912 | D:5      | 3912 ||| UPGRADING to +0 leather armour of cold resistance.
  3922 | D:5      | 3922 ||| DROPPING +0 ring mail.
  3923 | D:5      | 3923 ||| UPGRADING to +1 leather armour of willpower.
  3933 | D:5      | 3933 ||| READING scroll labelled YSOPRUL MENYVIR.
  3934 | D:5      | 3934 ||| DRINKING 2 smoky golden potions.
  3935 | D:5      | 3935 ||| READING 2 scrolls of identify.
  3935 | D:5      | 3935 ||| IDENTIFYING murky ruby potion
  3936 | D:5      | 3936 ||| DROPPING potion of degeneration.
  3937 | D:5      | 3937 ||| DROPPING potion of brilliance.
  3946 | Temple   | Entered the Ecumenical Temple
  3947 | Temple   | 3947 ||| PLANNING OKAWARU WORSHIP
  4000 | Temple   | Became a worshipper of Warmaster Okawaru
  4001 | Temple   | 4001 ||| PLANNING D:1-11
  4086 | D:5      | Found Qokyfosch's Magic Scroll Shop.
  4100 | D:5      | 4100 ||| BUYING 2 scrolls of teleportation (66 gold).
  4100 | D:5      | Bought 2 scrolls of teleportation for 66 gold pieces
  4100 | D:5      | 4100 ||| SHOPLISTING scroll of enchant weapon (82 gold,
                  | have 14).
  4100 | D:5      | 4100 ||| SHOPLISTING scroll of identify (22 gold, have 14).
  4191 | D:5      | Noticed Grinder
  4203 | D:5      | Killed Grinder
  4204 | D:5      | Reached skill level 6 in Fighting
  4379 | D:6      | 4379 ||| STAIRDANCE
  4482 | D:6      | 4482 ||| Stepping ~*~*~tactically~*~*~ (retreating).
  4488 | D:6      | 4488 ||| Stepping ~*~*~tactically~*~*~ (outnumbered).
  4525 | D:6      | Reached XP level 9. HP: 56/56 MP: 9/9
  4532 | D:6      | Identified the +7 trident of Evil {freeze, Fly rF+ Will-
                  | Str+3}
  4741 | D:6      | Reached * piety under Okawaru
  4792 | D:6      | 4792 ||| INVOKING Heroism.
  4795 | D:6      | Reached skill level 3 in Dodging
  4863 | D:6      | Reached skill level 10 in Ranged Weapons
  4914 | D:6      | Found a burning altar of Makhleb.
  4923 | D:6      | Found a sacrificial altar of Ru.
  4963 | D:6      | 4963 ||| UPGRADING to amulet of regeneration.
  4968 | D:6      | 4968 ||| DROPPING ring of magical power.
  4969 | D:6      | 4969 ||| READING scroll labelled ZAWKEG CENE.
  4970 | D:6      | 4970 ||| READING 2 scrolls of identify.
  4970 | D:6      | 4970 ||| IDENTIFYING lumpy black potion
  5097 | D:7      | 5097 ||| INVOKING Heroism.
  5196 | D:7      | 5196 ||| RETREATING.
  5202 | D:7      | Reached skill level 1 in Invocations
  5333 | D:7      | 5333 ||| INVOKING Heroism.
  5379 | D:7      | 5379 ||| INVOKING Heroism.
  5455 | D:7      | Reached skill level 11 in Ranged Weapons
  5455 | D:7      | Reached skill level 3 in Invocations
  5719 | D:7      | 5719 ||| READING 3 scrolls of identify.
  5719 | D:7      | 5719 ||| IDENTIFYING purple potion
  5720 | D:7      | 5720 ||| READING 2 scrolls of identify.
  5720 | D:7      | 5720 ||| IDENTIFYING sedimented brown potion
  5748 | D:8      | 5748 ||| READING scroll of enchant armour.
  5748 | D:8      | 5748 ||| ENCHANTING +1 helmet of intelligence.
  5753 | D:8      | Found a hazy altar of Hepliaklqana.
  5785 | D:8      | 5785 ||| INVOKING Heroism.
  5839 | D:8      | Found a transporter.
  5855 | D:8      | Found a transporter.
  5912 | D:8      | 5912 ||| SWAPPING to +0 orcbow.
  5913 | D:8      | 5913 ||| DROPPING +1 heavy shortbow.
  6201 | D:8      | Reached ** piety under Okawaru
  6216 | D:8      | 6216 ||| INVOKING Heroism.
  6227 | D:8      | Reached skill level 3 in Armour
  6227 | D:8      | Reached XP level 10. HP: 55/63 MP: 11/13
  6330 | D:8      | Found Magienea's Assorted Antiques.
  6338 | D:8      | 6338 ||| BUYING bronze wand (104 gold).
  6338 | D:8      | Bought a bronze wand for 104 gold pieces
  6338 | D:8      | 6338 ||| BUYING iron wand (104 gold).
  6338 | D:8      | Bought an iron wand for 104 gold pieces
  6338 | D:8      | 6338 ||| SHOPLISTING potion of curing (78 gold, have 50).
  6338 | D:8      | 6338 ||| SHOPLISTING potion of mutation (208 gold, have
                  | 50).
  6338 | D:8      | 6338 ||| BUYING scroll labelled BALUTE KUQEC (26 gold).
  6338 | D:8      | Bought a scroll labelled BALUTE KUQEC for 26 gold pieces
  6338 | D:8      | 6338 ||| SHOPLISTING scroll of teleportation (78 gold, have
                  | 24).
  6612 | D:8      | 6612 ||| READING scroll labelled BALUTE KUQEC.
  6613 | D:8      | 6613 ||| DROPPING wand of iceblast (3).
  6614 | D:8      | 6614 ||| DROPPING wand of paralysis (3).
  6619 | D:9      | 6619 ||| STAIRDANCE
  6628 | D:9      | 6628 ||| STAIRDANCE
  6635 | D:9      | 6635 ||| STAIRDANCE
  6640 | D:9      | 6640 ||| STAIRDANCE
  6682 | D:9      | Noticed a six-headed hydra
  6683 | D:9      | 6683 ||| STAIRDANCE
  6703 | D:9      | 6703 ||| STAIRDANCE
  6821 | D:9      | 6821 ||| STAIRDANCE
  6823 | D:8      | 6823 ||| INVOKING Heroism.
  6832 | D:8      | HP: 15/64 [six-headed hydra (4)]
  6833 | D:8      | 6833 ||| READING 4 scrolls of teleportation.
  6833 | D:8      | HP: 4/64 [six-headed hydra (8)]
  6833 | D:8      | Slain by a six-headed hydra

Levels and vault maps discovered:
D:1:      ebering_trefoil_3fold, layout_rooms, serial_rivers,
          chequers_serial_rivers_micro_c, chequers_serial_rivers_room_a,
          chequers_serial_rivers_micro_c, chequers_serial_rivers_micro_d,
          chequers_serial_rivers_micro_b
D:2:      layout_basic, minmay_octomino_e4, uniq_sigmund, uniq_robin
D:3:      layout_basic, hellmonk_ecumenical_altar_run_dry
D:4:      layout_gridville, minmay_fire_ice_demons
D:5:      layout_cave_pools, lemuel_temple_firewalk_b, serial_column_ruins,
          column_ruins_hut_pillars, column_ruins_columns_straight,
          column_ruins_open_small, column_ruins_columns_water,
          column_ruins_open_small, column_ruins_open_small, serial_shops, shop,
          shop, nicolae_shop_real_fake_doors,
          nicolae_shop_temple_entry_statues_fountains, minivault_1,
          minmay_misc_feat_pillars, st_stairs_10, uniq_grinder, uniq_eustachio,
          uniq_blork_the_orc
D:6:      layout_rooms, mainiacjoe_overflow_swirl
D:7:      layout_basic
D:8:      gammafunk_steamed_eel, layout_layer_cave, amcnicky_altar_gilded,
          serial_shops, shop, nicolae_nh_ransacked_shop
D:9:      layout_rooms, hangedman_minor_magic, uniq_jeremiah, uniq_pikel,
          uniq_joseph
Temple:   minmay_crystal_spiral_temple

Skill      XL: |  1  2  3  4  5  6  7  8  9 10 |
---------------+-------------------------------+-----
Ranged Weapons | 5 6 8 9 11 | 11.0
Fighting       | 5 6 7 8 |  8.0
Armour         | 2 3 |  3.3
Dodging        | 2 4 |  4.1
Invocations    | 4 |  4.0
Stealth        | |  1.1

Action                     |  1- 3 |  4- 6 |  7- 9 | 10-12 || total
---------------------------+-------+-------+-------+-------++-------
   Fire: Shortbow          |    53 |   104 |   253 |       ||   410
         Orcbow            |       |       |    46 |    63 ||   109
 Invoke: Heroism           |       |       |     6 |     1 ||     7
    Use: Scroll            |     4 |     3 |     8 |     2 ||    17
         Potion            |       |       |     3 |       ||     3
 Armour: Leather armour    |     7 |    11 |    40 |    58 ||   116
         Ring mail         |       |    23 |    23 |       ||    46
  Dodge: Dodged            |    14 |    77 |   157 |   167 ||   415

Table legend:
 A = Non-vault XP
 B = Vault XP
 C = Vault XP percentage of total XP
 D = Non-vault monster count
 E = Vault monster count
 F = Vault count percentage of total count
                 A         B        C        D         E       F
            +---------+---------+-------+---------+---------+-------
      Total |    4076 |    1128 |  21.7 |     143 |      26 |  15.4
            +---------+---------+-------+---------+---------+-------
        D:1 |      16 |       0 |   0.0 |      11 |       0 |   0.0
        D:2 |      93 |     273 |  74.6 |      24 |      13 |  35.1
        D:3 |     110 |       0 |   0.0 |      12 |       0 |   0.0
        D:4 |     319 |      60 |  15.8 |      17 |       2 |  10.5
        D:5 |     579 |     583 |  50.2 |      17 |       6 |  26.1
        D:6 |     740 |       0 |   0.0 |      21 |       0 |   0.0
        D:7 |    1223 |       0 |   0.0 |      21 |       0 |   0.0
        D:8 |     995 |     212 |  17.6 |      19 |       5 |  20.8
        D:9 |       1 |       0 |   0.0 |       1 |       0 |   0.0
            +---------+---------+-------+---------+---------+-------
